 Dungeon Crawl Stone Soup version 0.27.1-35-g4d5d836560 (webtiles) character file.

Game seed: 2303910848431249170

123 Delamore the Sneak (level 5, -1/34 HPs)
             Began as an Octopode Brigand on May 7, 2022.
             Slain by Pikel (11 damage)
             ... on level 4 of the Dungeon.
             The game lasted 00:02:48 (3081 turns).

Delamore the Sneak (Octopode Brigand)               Turns: 3081, Time: 00:02:48

Health: -1/34      AC:  1    Str: 10    XL:     5   Next: 7%
Magic:  5/5        EV: 12    Int: 13    God:
Gold:   113        SH:  0    Dex: 15    Spells: 4/4 levels left

rFire    . . .     SeeInvis .   m - +2 short sword (holy)
rCold    . . .     Faith    .   (no shield)
rNeg     . . .     Spirit   .   (helmet restricted)
rPois    .         Reflect  .   (no amulet)
rElec    .         Harm     .   (no ring)
rCorr    .         Rampage  .   (no ring)
Will     .....                  (no ring)
Stlth    ++++......             (no ring)
HPRegen  0.11/turn              (no ring)
MPRegen  0.09/turn              (no ring)
                                (no ring)
                                (no ring)

@: no status effects
A: almost no armour, amphibious, 8 rings, camouflage 1, gelatinous body 1,
(nimble swimmer 1), tentacles
a: no special abilities


You were on level 4 of the Dungeon.
You visited 1 branch of the dungeon, and saw 4 of its levels.

You collected 135 gold pieces.
You spent 22 gold pieces at shops.

Inventory:

Hand Weapons
 a - a +2 dagger
 m - a +2 short sword of holy wrath (weapon)
Missiles
 b - 8 poisoned darts
 c - a curare-tipped dart
 f - 112 stones (quivered)
Jewellery
 l - a ring of ice
Scrolls
 d - 2 scrolls of fog
 h - a scroll of silence
 i - a scroll of identify
 k - a scroll of noise
Potions
 e - a potion of flight {unknown}
 g - a potion of attraction {unknown}
 j - a potion of haste {unknown}


   Skills:
 - Level 2.0 Fighting
 * Level 4.3 Short Blades
 + Level 2.7 Throwing
 - Level 1.0 Dodging
 - Level 5.9 Stealth


You had 4 spell levels left.
You didn't know any spells.
Your spell library contained the following spells:

 Spells                   Type           Power      Damage    Failure   Level
 Corona                   Hex            0%         N/A       30%         1
 Ensorcelled Hibernation  Hex/Ice        0%         N/A       43%         2
 Tukima's Dance           Hex            0%         N/A       67%         3


Dungeon Overview and Level Annotations

Branches:
Dungeon (4/15)
 Temple: D:4-7

Altars:
Elyvilon
Makhleb

Shops:
D:3 *

Annotations:
D:4 Pikel


Innate Abilities, Weirdness & Mutations

You cannot wear most types of armour.
You are amphibious.
You can wear up to eight rings at the same time.
Your skin changes colour to match your surroundings (Stealth+).
Your rubbery body absorbs attacks. (AC +1, EV +1)
((You are camouflaged near water. (Stealth+)))
You have tentacles for arms and can constrict up to eight enemies at once.


Message History

You hit the lemure but do no damage. You grab the lemure.
You constrict the lemure, but do no damage.
The lemure hits you!
You release your grip on the lemure.
You hit the lemure.
The lemure convulses.
You grab the lemure.
The lemure is moderately wounded.
You constrict the lemure, but do no damage.
The lemure misses you.
You hit the lemure.
The lemure convulses.
You squeeze the lemure.
The lemure is severely wounded.
You constrict the lemure, but do no damage.
You hit the lemure.
The lemure convulses.
The lemure is severely wounded.
You constrict the lemure. The lemure barely misses you.
You hit the lemure.
The lemure convulses.
You kill the lemure!
That felt strangely unrewarding.
The lemure shouts!
A lemure comes into view.
There is a stone staircase leading up here.
You climb upwards.
There is a stone staircase leading down here.
You climb downwards.
You hear the hiss of flowing sand.
There is an entrance to an ossuary on this level.
Hurry and find it before the portal is buried!
Level annotation: Pikel Pikel hits you with a +2 whip of freezing!
Pikel freezes you.
Pikel hits you with a +2 whip of freezing.
Pikel freezes you.
* * * LOW HITPOINT WARNING * * *
There is a stone staircase leading up here.
The lemure closely misses you.
Okay, then.
You closely miss Pikel.
The lemure shouts!
Your grab misses Pikel. Pikel completely misses you.
You closely miss Pikel. Your grab misses Pikel.
Pikel hits you with a +2 whip of freezing!
You die...

......#..# #..# #
##.#..#..###..#
...###.............#
..............(....#
#.##...#..##(.#####
#.............##########
#......................#
.####..5##.##..########.#
.......5K@.......>....
.####...##.##..#######
#...##.##..# #...##.##..#
#...##.##..# #...##.##..#
............
####.##..####


You could see Pikel and 2 lemures.

Vanquished Creatures
  2 lemures (D:4)
  Crazy Yiuf (D:3)
  3 adders
  2 worms
  A dart slug (D:3)
  An orc (D:3)
  4 bats
  7 endoplasms
  5 goblins
  5 hobgoblins
  2 jackals (D:1)
  2 quokkas
  6 ball pythons
  3 frilled lizards
  6 kobolds
  7 rats
  A spectral hobgoblin (D:1)
58 creatures vanquished.

Notes
Turn   | Place    | Note
-------+----------+-------------------------------------------
     0 | D:1      | Delamore the Octopode Brigand began the quest for the Orb.
     0 | D:1      | Reached XP level 1. HP: 14/14 MP: 1/1
   276 | D:1      | Reached XP level 2. HP: 16/19 MP: 2/2
   726 | D:1      | Found a faded altar of an unknown god.
   796 | D:1      | Reached XP level 3. HP: 24/24 MP: 3/3
  1920 | D:2      | Reached XP level 4. HP: 28/29 MP: 4/4
  2126 | D:3      | Found a burning altar of Makhleb.
  2176 | D:3      | Found a white marble altar of Elyvilon.
  2586 | D:3      | Found Sathret's General Store.
  2590 | D:3      | Bought a scroll of fog for 22 gold pieces
  2781 | D:3      | Found a runed translucent door.
  2782 | D:3      | Noticed Crazy Yiuf
  2788 | D:3      | Killed Crazy Yiuf
  2789 | D:3      | Reached XP level 5. HP: 14/34 MP: 5/5
  3043 | D:4      | Noticed a lemure
  3044 | D:4      | Noticed a lemure
  3044 | D:4      | Noticed a lemure
  3061 | D:4      | Noticed Pikel
  3064 | D:4      | Killed a lemure
  3071 | D:4      | Killed a lemure
  3073 | D:4      | Noticed a lemure
  3081 | D:4      | Slain by Pikel

Illustrated notes

Levels and vault maps discovered:
D:1:      dpeg_arrival_ratfight, layout_basic,
          dreamdust_ecumenical_altar_drowned_temple,
          corexii_item_surrounded_by_moat
D:2:      layout_basic
D:3:      layout_rooms, mainiacjoe_overflow_paths, bloody_makhleb, serial_shops,
          shop, uniq_crazy_yiuf_cottage
D:4:      layout_basic, chequers_ossuary_entry_cave, st_stairs_6,
          nicolae_shop_self_help, uniq_pikel

Skill      XL: |  1  2  3  4 |
---------------+-------------+-----
Short Blades   | 3 4 |  4.3
Fighting       | |  2.0
Throwing       | |  2.7
Dodging        | |  1.0
Stealth        | |  5.9

Action                   |  1- 3 |  4- 6 || total
-------------------------+-------+-------++-------
Melee: Dagger            |    71 |     6 ||    77
       Constrict         |    12 |     8 ||    20
       Tentacles         |     8 |     9 ||    17
       Short sword       |       |    30 ||    30
Throw: Stone             |    24 |     6 ||    30
       Dart              |       |     1 ||     1
  Use: Scroll            |       |     2 ||     2
 Stab: Sleeping          |    14 |     6 ||    20
Armor: Skin              |     1 |     1 ||     2
Dodge: Dodged            |    25 |    13 ||    38
